 Dungeon Crawl Stone Soup version 0.27.1 (webtiles) character file.

Game seed: 10953493933413618535

265 Descartes the Ducker (level 5, -7/27 HPs)
             Began as a Spriggan Wanderer on Aug 24, 2021.
             Was an Initiate of Wu Jian.
             Mangled by Menkaure (22 damage)
             ... on level 4 of the Dungeon.
             The game lasted 00:08:48 (5822 turns).

Descartes the Ducker (Spriggan Wanderer)            Turns: 5822, Time: 00:08:49

Health: -7/27      AC:  2    Str: 10    XL:     5   Next: 99%
Magic:  9/9        EV: 18    Int: 13    God:    Wu Jian [......]
Gold:   77         SH:  0    Dex: 14    Spells: 4/8 levels left

rFire    . . .     SeeInvis +   a - +2 dagger
rCold    . . .     Faith    .   (shield restricted)
rNeg     . . .     Spirit   .   c - +0 robe
rPois    .         Reflect  .   (helmet restricted)
rElec    .         Harm     .   (no cloak)
rCorr    .         Rampage  .   (gloves unavailable)
Will     .....                  (boots unavailable)
Stlth    +++.......             (no amulet)
HPRegen  0.09/turn              (no ring)
MPRegen  0.11/turn              (no ring)

@: very quick
A: very small, no large weapons, unfitting armour, see invisible, speed 3
a: Renounce Religion


You were on level 4 of the Dungeon.
You worshipped Wu Jian.
Wu Jian was noncommittal.
You visited 1 branch of the dungeon, and saw 4 of its levels.

You collected 77 gold pieces.

Inventory:

Hand Weapons
 a - a +2 dagger (weapon)
 d - a +0 hand axe
 t - a +0 hunting sling
Missiles
 b - 2 curare-tipped darts (quivered)
 e - 24 sling bullets
 f - 63 stones
 g - 23 bolts
 m - 31 arrows
 q - 8 atropa-tipped darts
 r - a throwing net
Armour
 c - a +0 robe (worn)
Scrolls
 h - 3 scrolls of identify {unknown}
 l - 2 scrolls of teleportation {unknown}
 o - 2 scrolls of enchant weapon {unknown}
 s - a scroll of vulnerability {unknown}
Potions
 i - a potion of curing {unknown}
 j - a potion of resistance {unknown}
 k - a potion of mutation {unknown}
 n - a potion of haste {unknown}
 p - a potion of might {unknown}


   Skills:
 - Level 2.4 Fighting
 + Level 3.0 Short Blades
 - Level 2.4 Axes
 - Level 2.0 Throwing
 + Level 4.7 Dodging
 + Level 4.2 Stealth
 + Level 2.0 Spellcasting
 + Level 2.0 Hexes
 + Level 1.1 Poison Magic


You had 4 spell levels left.
You knew the following spells:

 Your Spells              Type           Power      Damage    Failure   Level
a - Confusing Touch       Hex            6%         N/A       32%         3
b - Sting                 Tmut/Pois      8%         1d3       21%         1

Your spell library contained the following spells:

 Spells                   Type           Power      Damage    Failure   Level
 Slow                     Hex            6%         N/A       17%         2
 Poisonous Vapours        Pois/Air       4%         N/A       30%         2
 Vampiric Draining        Necr           0%         2d6       58%         3
 Olgreb's Toxic Radiance  Pois           4%         N/A       85%         4


Dungeon Overview and Level Annotations

Branches:
Dungeon (4/15)
 Temple: D:4-7

Altars:
Cheibriados
Fedhas
Okawaru
Qazlal
Ru
Sif Muna
Wu Jian
Xom

Shops:
D:3 (

Annotations:
D:3 Ejeck's ghost, amateur MiBe
D:4 Menkaure


Innate Abilities, Weirdness & Mutations

You are very small and have problems with some larger weapons.
You are too small for most types of armour.
You have supernaturally acute eyesight. (SInv)
You cover ground extremely quickly. (Speed+++)


Message History

Ejeck's ghost completely misses you.
You hit Ejeck's ghost but do no damage.
Ejeck's ghost is lightly damaged.
Ejeck's ghost closely misses you.
You hit Ejeck's ghost but do no damage.
Ejeck's ghost is lightly damaged.
You hit Ejeck's ghost but do no damage.
Ejeck's ghost is lightly damaged.
Ejeck's ghost hits you!
You hit Ejeck's ghost but do no damage.
Ejeck's ghost is lightly damaged.
Ejeck's ghost hits you!
* * * LOW HITPOINT WARNING * * *
You hit Ejeck's ghost but do no damage.
Ejeck's ghost is lightly damaged.
Ejeck's ghost misses you.
There is a stone staircase leading up here.
There is a stone staircase leading down here.
You climb downwards.
There is a stone staircase leading up here.
HP restored.
Menkaure, Prince of Dust comes into view.
Menkaure shouts!
You barely miss Menkaure. Menkaure hits you but does no damage.
You hit Menkaure.
Menkaure is lightly damaged.
You hit Menkaure.
Menkaure is lightly damaged.
Menkaure misses you.
You hit Menkaure.
Menkaure is moderately damaged.
Menkaure calls on the powers of darkness!
Your body is wracked with pain!
You hit Menkaure but do no damage.
Menkaure is moderately damaged.
You closely miss Menkaure.
Menkaure is moderately damaged.
Menkaure hits you!!
Ouch! That really hurt!
You die...

####.###.# ##.##
#.....## #..##
#......### ##...
##..##...## ##..
##...####..####..
#..#.#####.....##
##.##....########.
##..#####.....#..#)
#.@## #####...###
#M## ###..## ...
#.....### ##..
#.#...... #..
#..#...... ##. ...
#...... #. ..##
#...... .. .#
#...... #.....<


You could see Menkaure.

Vanquished Creatures
  A centaur skeleton (D:3)
  2 iguanas
  Ijyb (D:3)
  A hound skeleton (D:4)
  2 gnolls (D:4)
  A howler monkey skeleton (D:3)
  3 adders
  An ufetubus (D:4)
  An adder skeleton (D:4)
  2 worms
  2 dart slugs
  4 orcs (D:3)
  5 ball pythons
  6 bats
  An endoplasm (D:3)
  4 giant cockroaches
  6 goblins
  7 hobgoblins
  3 quokkas (D:1)
  8 frilled lizards
  3 kobolds
  9 rats
73 creatures vanquished.

Vanquished Creatures (others)
  An endoplasm (D:1)
1 creature vanquished.

Grand Total: 74 creatures vanquished

Notes
Turn   | Place    | Note
-------+----------+-------------------------------------------
     0 | D:1      | Descartes the Spriggan Wanderer began the quest for the
                  | Orb.
     0 | D:1      | Descartes set off with the following items: a +2 dagger, 2
                  | curare-tipped darts, a +0 robe, a +0 hand axe
     0 | D:1      | Reached XP level 1. HP: 11/11 MP: 2/2
    47 | D:1      | Reached skill level 1 in Stealth
   366 | D:1      | Reached XP level 2. HP: 16/16 MP: 3/3
   394 | D:1      | Reached skill level 1 in Short Blades
  1171 | D:1      | Reached XP level 3. HP: 13/19 MP: 4/4
  2909 | D:3      | Reached XP level 4. HP: 22/23 MP: 5/5
  2950 | D:3      | Learned a level 3 spell: Confusing Touch
  3015 | D:3      | Found a shimmering altar of Xom.
  3017 | D:3      | Found a blossoming altar of Fedhas.
  3018 | D:3      | Found a stormy altar of Qazlal.
  3019 | D:3      | Found an ornate altar of the Wu Jian Council.
  3020 | D:3      | Found a snail-covered altar of Cheibriados.
  3020 | D:3      | Found a sacrificial altar of Ru.
  3020 | D:3      | Found an iron altar of Okawaru.
  3021 | D:3      | Found a shimmering blue altar of Sif Muna.
  3082 | D:3      | Reached skill level 1 in Hexes
  3235 | D:3      | Became a worshipper of the Wu Jian Council
  3350 | D:3      | Reached skill level 1 in Spellcasting
  3351 | D:3      | Found a runed translucent gate.
  3351 | D:3      | Found a runed translucent gate.
  3352 | D:3      | Found a runed translucent gate.
  3353 | D:3      | Noticed Ejeck's ghost (amateur MiBe)
  3426 | D:3      | Learned a level 1 spell: Sting
  3593 | D:3      | Found Jaun's Antique Weapon Boutique.
  3770 | D:3      | Reached XP level 5. HP: 20/27 MP: 3/7
  4313 | D:4      | Noticed Ijyb
  4369 | D:4      | Paralysed by Ijyb for 2 turns
  4377 | D:3      | Paralysed by Ijyb for 4 turns
  4901 | D:4      | Reached skill level 1 in Poison Magic
  4919 | D:3      | Found Jaun's Antique Weapon Boutique.
  5073 | D:3      | Found a shimmering blue altar of Sif Muna.
  5074 | D:3      | Found a sacrificial altar of Ru.
  5076 | D:3      | Found an iron altar of Okawaru.
  5076 | D:3      | Found an ornate altar of the Wu Jian Council.
  5076 | D:3      | Found a stormy altar of Qazlal.
  5079 | D:3      | Found a snail-covered altar of Cheibriados.
  5079 | D:3      | Found a shimmering altar of Xom.
  5080 | D:3      | Found a blossoming altar of Fedhas.
  5178 | D:3      | Killed Ijyb
  5812 | D:4      | Noticed Menkaure
  5822 | D:4      | Mangled by Menkaure

Illustrated notes

Levels and vault maps discovered:
D:1:      dpeg_arrival_solitude, layout_loops_ring, lemuel_old_faithful
D:2:      layout_loops_corners, hangedman_decor_riveting
D:3:      layout_loops_ring, grunt_temple_overflow_open,
          gammafunk_ghost_necromancy, serial_shops, shop
D:4:      layout_rooms, vehumet_statue, minmay_temple_entry_stoned_glass,
          sigmund_army, uniq_ijyb, uniq_menkaure, uniq_robin

Skill      XL: |  1  2  3  4  5 |
---------------+----------------+-----
Stealth        | 1 2 3 4 |  4.2
Dodging        | 3 4 |  4.7
Short Blades   | 1 2 3 |  3.0
Hexes          | 1 2 |  2.0
Spellcasting   | 1 2 |  2.0
Poison Magic   | 1 |  1.1
Fighting       | |  2.4
Axes           | |  2.4
Throwing       | |  2.0

Action                   |  1- 3 |  4- 6 || total
-------------------------+-------+-------++-------
Melee: Dagger            |   178 |   221 ||   399
 Cast: Confusing Touch   |       |     1 ||     1
Invok: Lunge             |       |     7 ||     7
 Stab: Sleeping          |    11 |     4 ||    15
       Confused          |       |     1 ||     1
       Distracted        |       |     1 ||     1
Armor: Robe              |    11 |    15 ||    26
Dodge: Dodged            |   105 |   171 ||   276
